 Dungeon Crawl Stone Soup version 0.22-a0-515-g75794bf (webtiles) character file.

303 Ecrof the Chopper (level 6, 0/62 HPs)
             Began as an Ogre Berserker on June 19, 2018.
             Was a Priest of Trog.
             Slain by a gnoll (4 damage)
             ... on level 3 of the Dungeon.
             The game lasted 00:14:26 (2682 turns).

Ecrof the Chopper (Ogre Berserker)                  Turns: 2682, Time: 00:14:26

Health: 0/62       AC:  3    Str: 24    XL:     6   Next: 38%
Magic:  6/6        EV: 10    Int:  8    God:    Trog [***...]
Gold:   77         SH:  0    Dex:  8    Spells: 5/5 levels left

rFire    . . .     SeeInvis .   a - +0 hand axe
rCold    . . .     Gourm    .   (no shield)
rNeg     . . .     Faith    .   b - +0 animal skin
rPois    .         Spirit   .   (helmet restricted)
rElec    .         Reflect  .   (no cloak)
rCorr    .         Harm     .   (gloves unavailable)
MR       .....                  (boots unavailable)
Stlth    +.........             (no amulet)
HPRegen  0.20/turn              (no ring)
MPRegen  0.10/turn              (no ring)

@: no status effects
A: large, unfitting armour, tough skin 1
a: Berserk, Trog's Hand, Renounce Religion


You were on level 3 of the Dungeon.
You worshipped Trog.
Trog was most pleased with you.
You were not hungry.

You visited 1 branch of the dungeon, and saw 3 of its levels.

You collected 77 gold pieces.

Inventory:

Hand Weapons
 a - a +0 hand axe (weapon)
Missiles
 h - 99 stones (quivered)
Armour
 b - a +0 animal skin (worn)
 w - a +0 animal skin
Wands
 n - a wand of polymorph (11)
 o - a wand of acid (9)
Scrolls
 g - 6 scrolls of identify
 p - a scroll of remove curse
 q - a scroll of teleportation
 t - a scroll of blinking {unknown}
 v - a scroll of magic mapping {unknown}
Potions
 d - a potion of agility {unknown}
 e - 2 potions of curing
 f - a potion of ambrosia {unknown}
 i - a potion of heal wounds
 j - 2 potions of lignification {unknown}
 k - a potion of resistance {unknown}
 l - a potion of haste {unknown}
 m - a potion of might {unknown}
 r - 2 potions of brilliance {unknown}
 s - 2 potions of degeneration {unknown}
Comestibles
 c - 5 rations
 u - 2 chunks of flesh


   Skills:
 - Level 4.0 Fighting
 * Level 6.4 Axes
 - Level 2.0 Throwing
 - Level 2.6 Dodging
 - Level 0.7 Stealth


You had 5 spell levels left.
You didn't know any spells.
Your spell library was empty.

Dungeon Overview and Level Annotations

Branches:
Dungeon (3/15)

Altars:
Makhleb
Wu Jian


Innate Abilities, Weirdness & Mutations

You are too large for most types of armour.
You have tough skin. (AC +1)


Message History

You slash the gnoll!
You kill the gnoll!
Trog accepts your kill.
You barely miss the gnoll. The gnoll hits you.
* * * LOW HITPOINT WARNING * * *
You hit the gnoll.
The gnoll is lightly wounded.
The gnoll barely misses you.
You hit the gnoll.
The gnoll is heavily wounded.
The gnoll hits you.
* * * LOW HITPOINT WARNING * * *
You hit the gnoll but do no damage.
The gnoll is heavily wounded.
The gnoll hits you.
* * * LOW HITPOINT WARNING * * *
You hit the gnoll.
The gnoll is almost dead.
The gnoll hits you.
You die...

### ######
#.###.....
##.........
#[.........
#..........
########........##
#......'.......###
#.######.......# #
#@# #.......###
#g# #.......##.
#(# ####..####.
#(# #.....'. #..
......####. ###
..... ####. ....
#.... ... #.... ..
#....


You could see a gnoll.

Vanquished Creatures
  A hound (D:3)
  An orc priest (D:3)
  Natasha (thrice) (D:2)
  Robin (D:3)
  2 gnolls (D:3)
  4 adders
  2 oozes (D:1)
  2 worms (D:3)
  A dart slug (D:3)
  2 leopard geckos
  4 orcs (D:3)
  A giant cockroach (D:2)
  16 goblins
  8 hobgoblins
  6 jackals
  13 kobolds
  A quokka (D:2)
  A ball python (D:1)
  8 bats
  3 frilled lizards
  10 rats
90 creatures vanquished.

Vanquished Creatures (others)
  A plant (D:3)
1 creature vanquished.

Grand Total: 91 creatures vanquished

Notes
Turn   | Place    | Note
-------+----------+-------------------------------------------
     0 | D:1      | Ecrof the Ogre Berserker began the quest for the Orb.
     0 | D:1      | Reached XP level 1. HP: 24/24 MP: 1/1
    58 | D:1      | Reached XP level 2. HP: 14/32 MP: 2/2
   273 | D:1      | Reached XP level 3. HP: 38/39 MP: 3/3
   322 | D:1      | Reached skill level 4 in Axes
   408 | D:1      | Reached ** piety under Trog
   794 | D:1      | Reached skill level 1 in Throwing
  1106 | D:2      | Noticed Natasha
  1110 | D:2      | Reached XP level 4. HP: 48/48 MP: 4/4
  1113 | D:2      | Killed Natasha
  1230 | D:2      | Found an ornate altar of the Wu Jian Council.
  1232 | D:2      | Noticed Natasha
  1240 | D:2      | Killed Natasha
  1240 | D:2      | Reached XP level 5. HP: 31/54 MP: 5/5
  1477 | D:2      | Noticed Natasha
  1482 | D:2      | Killed Natasha
  1482 | D:2      | Reached skill level 5 in Axes
  2093 | D:3      | Found a burning altar of Makhleb.
  2107 | D:3      | Reached *** piety under Trog
  2107 | D:3      | Reached XP level 6. HP: 35/62 MP: 6/6
  2293 | D:3      | Reached skill level 6 in Axes
  2382 | D:3      | Noticed Robin
  2403 | D:3      | Killed Robin
  2682 | D:3      | Slain by a gnoll

Vault maps used:
D:1:      erik_arrival_gehennom, minmay_misc_feat_tower
D:2:      nicolae_overflow_hidden_temple, amethyst_killhole,
          hangedman_decor_push, uniq_natasha
D:3:      makhleb_blood_cavern_becter, first_ration, kennysheep_cross_room,
          lexackson_kobold_supper, uniq_robin

Skill      XL: |  1  2  3  4  5  6 |
---------------+-------------------+-----
Axes           | 4 5 6 |  6.4
Throwing       | 1 2 |  2.0
Fighting       | |  4.0
Dodging        | |  2.6
Stealth        | |  0.7

Action                   |  1- 3 |  4- 6 || total
-------------------------+-------+-------++-------
Melee: Hand axe          |    75 |   129 ||   204
Throw: Stone             |    71 |    68 ||   139
Invok: Berserk           |     1 |     1 ||     2
  Use: Scroll            |     4 |     1 ||     5
       Potion            |     1 |       ||     1
 Stab: Sleeping          |     1 |       ||     1
  Eat: Chunk             |     1 |     7 ||     8
Armor: Animal skin       |    23 |    23 ||    46
Dodge: Dodged            |    37 |    58 ||    95

Table legend:
 A = Spawn XP
 B = Non-spawn XP
 C = Spawn XP percentage of total XP
 D = Spawn monster count
 E = Non-spawn monster count
 F = Spawn count percentage of total count
 G = Total turns spent on level
                    A         B        C        D         E        F      G
               +---------+---------+-------+---------+---------+-------+---------
         Total |       0 |     434 |   0.0 |       0 |      90 |   0.0 |  2682
               +---------+---------+-------+---------+---------+-------+---------
           D:1 |       0 |      56 |   0.0 |       0 |      30 |   0.0 |  1036
           D:2 |       0 |     146 |   0.0 |       0 |      16 |   0.0 |   658
           D:3 |       0 |     232 |   0.0 |       0 |      44 |   0.0 |   988
               +---------+---------+-------+---------+---------+-------+---------
